 Dungeon Crawl Stone Soup version 0.27.1-2-g3b301248ec (webtiles) character file.

Game seed: 11118141786371439815

2 Descartes the Sneak (level 1, 0/10 HPs)
             Began as a Felid Delver on Oct 2, 2021.
             Slain by a kobold (4 damage)
             ... on level 4 of the Dungeon.
             The game lasted 00:00:09 (36 turns).

Descartes the Sneak (Felid Delver)                    Turns: 36, Time: 00:00:09

Health: 0/10       AC:  1    Str:  8    XL:     1   Next: 25%
Magic:  2/2        EV: 17    Int: 11    God:
Gold:   0          SH:  0    Dex: 17    Spells: 0/0 levels left
                                        Lives:  0   Deaths: 0

rFire    . . .     SeeInvis +     - Unarmed
rCold    . . .     Faith    .   (shield unavailable)
rNeg     . . .     Spirit   .   (armour unavailable)
rPois    .         Reflect  .   (helmet unavailable)
rElec    .         Harm     .   (cloak unavailable)
rCorr    .         Rampage  .   (gloves unavailable)
Will     .....                  (boots unavailable)
Stlth    ++++......             (no amulet)
HPRegen  0.03/turn              (no ring)
MPRegen  0.08/turn              (no ring)

@: quick
A: very small, claws 1, fangs 3, see invisible, speed 1, shaggy fur 1, stealthy
paws, no weapons or thrown items, no armour, multi-lived
a: no special abilities


You were on level 4 of the Dungeon.
You visited 1 branch of the dungeon, and saw 2 of its levels.

Inventory:

Wands
 e - a wand of digging (3)
Scrolls
 a - a scroll of fog
 b - a scroll of magic mapping
 c - a scroll of fear
Potions
 d - a potion of haste


   Skills:
 - Level 3.0 Fighting
 - Level 2.6 Dodging
 + Level 6.7 Stealth
 - Level 2.0 Unarmed Combat


You couldn't memorise any spells.
You didn't know any spells.
Your spell library was empty.

Dungeon Overview and Level Annotations

Branches:
Dungeon (5/15)
 Temple: D:4-7

Altars:


Innate Abilities, Weirdness & Mutations

You have sharp claws.
You have razor-sharp teeth.
You have supernaturally acute eyesight. (SInv)
You cover ground quickly. (Speed+)
You are covered in fur. (AC +1)
Your paws help you pounce on unaware monsters.
You are incapable of wielding weapons or throwing items.
You cannot wear armour.
You gain extra lives every three experience levels.


Message History

A jackal skeleton comes into view.
A goblin, a kobold and a skeleton come into view.
The kobold is wielding a +0 short sword and wearing the amulet "Pabliota" {Acrobat -Tele rN+ Dex+2 SInv}.
The kobold shouts!
A kobold comes into view. It is wielding a +0 short sword.
The kobold shouts!
You scratch the hobgoblin.
The hobgoblin is moderately wounded.
A hobgoblin comes into view.
The hobgoblin closely misses you.
A dart slug comes into view.
You barely miss the hobgoblin.
The hobgoblin is moderately wounded.
The hobgoblin closely misses you.
The hobgoblin shouts!
You scratch the hobgoblin. Your bite misses the hobgoblin.
The hobgoblin is heavily wounded.
The adder skeleton barely misses you. The hobgoblin barely misses you.
You barely miss the hobgoblin. You bite the hobgoblin.
The hobgoblin is almost dead.
A jackal comes into view.
The hobgoblin completely misses you.
The jackal barks!
You scratch the hobgoblin.
You kill the hobgoblin!
You scratch the kobold.
The kobold is moderately wounded.
The kobold hits you but does no damage.
You scratch the kobold.
You kill the kobold!
The adder skeleton misses you.
The kobold hits you with a +0 short sword.
You closely miss the kobold. The kobold completely misses you.
You closely miss the kobold. The kobold barely misses you.
The hobgoblin misses you.
You scratch the adder skeleton but do no damage.
The goblin hits you with a +0 dagger.
A jackal comes into view.
The kobold hits you with a +0 short sword.
You die...

.. ... ...##..##.#
... ...#.....# ....
..... #..# h...
##..#.##..## ##..##
#...##.#...####Z....#
##............#Zgh.#
#....#.........@g#
#.>..#.#......#Kw.#
#..##..##...####..#
#####........# #..#
#........# ....
###....#..........
##...#...## .....
####....# ..### ...##


You could see a dart slug, 2 jackals, a hobgoblin, a goblin, a kobold, an adder
skeleton and a jackal skeleton.

Vanquished Creatures
  A hobgoblin (D:4)
  A kobold (D:4)
2 creatures vanquished.

Notes
Turn   | Place    | Note
-------+----------+-------------------------------------------
     0 | D:5      | Descartes the Felid Delver began the quest for the Orb.
     0 | D:5      | Reached XP level 1. HP: 10/10 MP: 2/2
     7 | D:5      | Noticed an orc priest
    26 | D:4      | Identified the amulet "Pabliota" {Acrobat -Tele rN+ Dex+2
                  | SInv}
    36 | D:4      | Slain by a kobold

Illustrated notes

Levels and vault maps discovered:
D:4:      layout_cave_pools, fedhas_altar_3,
          yredelemnul_forgotten_temple_becter, gammafunk_ghost_gnarly_gnolls
D:5:      layout_rooms, marbit_many_paths, kennysheep_mini,
          grunt_decor_resistance, chequers_serial_rivers_micro_a,
          patterned_corridor

Action                   || total
-------------------------++-------
Melee: Unarmed           ||    10
       Bite              ||     1
Armor: Skin              ||     1
Dodge: Dodged            ||     9
